Map: Blackpink LE

Players

Braveheart (F91)

  • Race: Zerg Zerg
  • League: Master
  • Spawn Location: 1:00

Gentleprobe (Cyan) - Winner!

  • Race: Protoss Protoss
  • League: Master
  • Spawn Location: 7:00

Event: 2018 Hangzhou StarCraft Carnival

VOD

Have the link to the VOD?

Description

Time

  • Played on: April 28, 2018, 11:55 p.m.
  • Length: 5:39

All games in this series

Show
View Real Time Build Order
Export as new Build Order

Braveheart Zerg 

Build Orders: Hatch First 

Get SALT Encoding   

  12  0:00  Drone  
  13  0:08  Drone  
  14  0:18  Overlord  
  14  0:28  Extractor  
  14  0:29  Drone  
  15  0:37  Drone x2  
  17  0:53  Hatchery  
  16  0:59  Extractor  
  16  1:00  Drone  
  16  1:12  Spawning Pool  
  16  1:15  Drone  
  16  1:17  Drone  
  17  1:26  Drone  
  18  1:35  Drone  
  19  1:52  Overlord  
  19  1:59  Zergling x2, Queen  
  22  2:01  Metabolic Boost  
  22  2:07  Queen  
  24  2:13  Drone x2  
  26  2:21  Zergling x4  
  29  2:22  Zergling x2  
  29  2:41  Zergling x4  
  31  2:51  Hatchery  
  30  2:53  Zergling x4  
  32  3:01  Zergling x2  
  32  3:02  Zergling x4  
  35  3:11  Overlord  
  33  3:27  Zergling x4  
  33  3:28  Overlord  
  33  3:29  Zergling x2  
  33  3:30  Zergling x2  
  33  3:32  Zergling x4  
  38  3:36  Zergling x2  
  38  3:38  Zergling x2  
  38  3:44  Zergling x6  
  40  3:55  Zergling x4  
  41  3:58  Baneling Nest  
  39  4:09  Zergling x6  
  40  4:28  Zergling x14  
  46  4:41  Baneling x4  
  46  4:43  Baneling x3  
  46  4:44  Zergling x2  
  46  4:45  Zergling x2  
  48  4:53  Zergling x6  
  48  5:12  Zergling x12  
Show
View Real Time Build Order
Export as new Build Order

Gentleprobe Protoss - Winner!

Build Orders: 1 Gate Expand 

Get SALT Encoding   

  12  0:00  Probe  
  13  0:12  Probe  
  14  0:18  Pylon  
  14  0:24  Probe  
  15  0:32  Probe  
  15  0:38  Gateway  
  15  0:41  Probe  
  16  0:47  Assimilator  
  17  0:51  Probe  
  18  1:03  Probe  
  19  1:15  Probe  
  20  1:23  Nexus  
  20  1:34  Cybernetics Core  
  20  1:37  Probe  
  21  1:45  Assimilator  
  21  1:49  Probe  
  21  1:53  Pylon  
  22  2:01  Probe  
  22  2:02  Adept  
  22  2:07  Warp Gate  
  23  2:13  Probe  
  26  2:25  Probe  
  26  2:27  Robotics Facility  
  27  2:32  Stalker, Probe  
  27  2:34  Probe  
  30  2:40  Probe  
  30  2:42  Probe  
  31  2:50  Probe  
  33  2:57  Probe  
  35  3:01  Shield Battery  
  35  3:02  Sentry  
  35  3:04  Probe  
  38  3:10  Pylon  
  38  3:11  Probe  
  38  3:12  Immortal  
  43  3:24  Probe x2  
  45  3:31  Sentry  
  45  3:37  Shield Battery  
  45  3:40  Pylon  
  43  3:48  Pylon  
  41  3:51  Pylon  
  41  3:52  Immortal  
  41  3:53  Pylon  
  45  4:03  Probe x2  
  45  4:08  Gateway  
  47  4:15  Probe, Sentry  
  47  4:16  Probe  
  51  4:17  Pylon  
  51  4:20  Gateway  
  51  4:27  Probe  
  51  4:28  Probe  
  51  4:30  Assimilator  
  53  4:33  Assimilator  
  53  4:36  Warp Prism  
  53  4:37  Robotics Bay  
  53  4:39  Probe  
  53  4:40  Probe  
  55  4:51  Probe  
  58  4:55  Pylon  
  58  4:58  Probe  
  59  5:00  Adept  
  59  5:05  Pylon  
  61  5:12  Sentry  
  63  5:21  Sentry  
  63  5:25  Robotics Facility  
  63  5:35  Zealot  
Tags
 
Add a new tag
Caveats
  • Supply blocks, unpowered buildings, or Contaminate may cause inaccurate times.
  • Supply counts are checked every 10 seconds.